 Dungeon Crawl Stone Soup version 0.30-a0-553-g7fabdf1491 (webtiles) character file.

Game seed: 4208700690479816055

11708 freelancePsychic the Fighter (level 11, -2/93 HPs)
             Began as a Demonspawn Wanderer on Dec 26, 2022.
             Was an Elder of Vehumet.
             Slain by a minotaur
             ... wielding a +0 flail of protection
              (6 damage)
             ... in a Gauntlet.
             The game lasted 00:31:47 (12852 turns).

freelancePsychic the Fighter (Demonspawn Wanderer) Turns: 12852, Time: 00:31:47

Health: -2/93      AC: 12    Str: 10    XL:     11   Next: 52%
Magic:  25/30      EV:  9    Int: 29    God:    Vehumet [****..]
Gold:   928        SH:  9    Dex: 14    Spells: 12/24 levels left

rFire   + . .      SeeInvis .    O - staff of fire
rCold   . . .      Faith    .    L - +0 kite shield of Haysel {rN+ Regen+ Int+4}
rNeg    + . .      Spirit   .    K - +0 steam dragon scales
rPois   .          Reflect  .    d - +2 helmet
rElec   .          Harm     .    (no cloak)
rCorr   .          Rampage  .    j - +0 pair of gloves
Will    .....      NoTele   +    x - +0 pair of boots
Stlth   ++                       f - amulet of the acrobat
HPRegen 1.15/turn                p - +6 ring of intelligence
MPRegen 0.22/turn                s - ring of magical power

@: no status effects
A: claws 1, rugged brown scales 2, spiny 1
a: Renounce Religion


You were in a Gauntlet.
You worshipped Vehumet.
Vehumet was greatly pleased with you.
You visited 3 branches of the dungeon, and saw 12 of its levels.
You also visited: Sewer, Bailey and Gauntlet.

You collected 928 gold pieces.

Inventory:

Hand Weapons
 e - a +2 dagger of pain
 h - a +2 spear of venom
 m - a +0 dagger of electrocution
 y - the +5 quarterstaff of Propriety {freeze, rF+ Dex+3}
   (You found it on level 4 of the Dungeon)

   It freezes those it strikes, dealing additional cold damage.
   It can also slow down cold-blooded creatures.
   Dex:       It affects your dexterity (+3).
   rF:        It protects you from fire.
 I - a -1 demon whip of venom
Missiles
 A - 2 throwing nets
Armour
 d - a +2 helmet (worn)
 j - a +0 pair of gloves (worn)
 w - a +2 robe of cold resistance
 x - a +0 pair of boots (worn)
 J - a +2 kite shield of protection
 K - +0 steam dragon scales (worn)
 L - the +0 kite shield of Haysel (worn) {rN+ Regen+ Int+4}
   (You took it off a human on level 10 of the Dungeon)

   Int:       It affects your intelligence (+4).
   rN:        It protects you from negative energy.
   Regen:     It increases your rate of health regeneration.
 Q - the +2 hat "Edghang" {rCorr}
   (You found it in a Gauntlet)

   rCorr:     It protects you from acid and corrosion.
Magical Staves
 C - a staff of cold
 O - a staff of fire (weapon)
Jewellery
 a - a +4 ring of slaying
 f - an amulet of the acrobat (around neck)
 p - a +6 ring of intelligence (left hand)
 s - a ring of magical power (right hand)
 G - a ring of flight
 P - the amulet "Qeoppoub" {RegenMP Will- Dex+5 Slay+3}
   (You found it in a Gauntlet)

   [amulet of magic regeneration]

   It increases your rate of magic regeneration.
   Dex:       It affects your dexterity (+5).
   Slay:      It affects your accuracy & damage with ranged weapons and melee
   (+3).
   Will:      It decreases your willpower.
 R - a ring of see invisible
Wands
 g - a wand of roots (6)
 t - a wand of quicksilver (2)
 F - a wand of paralysis (11)
Scrolls
 b - 4 scrolls of fear
 i - 3 scrolls of fog
 q - 2 scrolls of teleportation {@r4}
 u - a scroll of blinking
 B - a scroll of amnesia
 E - 3 scrolls of poison
 H - 3 scrolls of enchant armour
 M - a scroll of brand weapon {unknown}
Potions
 c - a potion of magic
 k - 2 potions of mutation {unknown}
 l - 5 potions of curing {@q1}
 n - 2 potions of resistance
 o - 2 potions of heal wounds {@q2}
 r - 2 potions of berserk rage
 v - 3 potions of brilliance
 z - a potion of lignification {unknown}
 D - a potion of flight {unknown}
 N - a potion of invisibility {unknown}
 S - a potion of cancellation {unknown}


   Skills:
 + Level 9.1 Fighting
 - Level 1.0 Throwing
 - Level 2.6 Stealth
 + Level 4.4 Shields
 - Level 7.0 Spellcasting
 + Level 5.6 Conjurations
 - Level 5.1 Hexes
 - Level 8.2 Fire Magic
 + Level 3.8 Ice Magic
 + Level 3.9 Air Magic
 - Level 2.0 Earth Magic


You had 12 spell levels left.
You knew the following spells:

 Your Spells              Type           Power      Damage    Failure   Level
a - Foxfire               Conj/Fire      100%       2x1d9     1%          1
b - Inner Flame           Hex/Fire       65%        N/A       1%          3
c - Tukima's Dance        Hex            39%        N/A       5%          3
d - Freezing Cloud        Conj/Ice/Air   18%        6-21      17%         5

Your spell library contained the following spells:

 Spells                   Type           Power      Damage    Failure   Level
 Irradiate                Conj/Tmut      13%        3d16      32%         5
 Kiss of Death            Conj/Necr      100%       2d13      1%          1
 Sandblast                Erth           44%        2d11      1%          1
 Kindle Blastsparks       Fire/Tloc/Air  100%       2d18      2%          3
 Flame Wave               Conj/Fire      66%        2d15      2%          4
 Ignite Poison            Fire/Tmut/Pois 39%        N/A       4%          3
 Fulminant Prism          Conj/Hex       20%        3d12      4%          4
 Confusing Touch          Hex            39%        N/A       5%          3
 Iskenderun's Mystic Bla  Conj/Tloc      26%        2d7       13%         4
 Apportation              Tloc           20%        N/A       14%         1
 Necrotise                Necr           40%        1d6       14%         1
 Summon Small Mammal      Summ           40%        N/A       14%         1
 Passwall                 Tmut/Erth      13%        N/A       14%         2
 Portal Projectile        Hex/Tloc       50%        N/A       16%         3
 Lee's Rapid Deconstruct  Erth           11%        3d8*      41%         5
 Petrify                  Tmut/Erth      16%        N/A       67%         4
 Dispel Undead            Necr           10%        3d9       82%         4
 Blade Hands              Tmut           5%         N/A       99%         5


Dungeon Overview and Level Annotations

Branches:
Dungeon (10/15)            Temple (1/1) D:5            Lair (1/5) D:9
    Orc (0/2) D:10          Sewer (visited)          Bailey (visited)
Gauntlet (1/1)

Altars:
Ashenzari
Cheibriados
Dithmenos
Fedhas
Gozag
Hepliaklqana
Kikubaaqudgha
Makhleb
Okawaru
Qazlal
Ru
Sif Muna
Uskayaw
Vehumet
Wu Jian
Yredelemnul

Shops:
D:1 =   D:9 [

Annotations:
D:5 1 exclusion
D:7 2 runed translucent doors, ryw's ghost, novice HORe
D:10 1 runed translucent door Gauntlet 8 transporters, 3 runed translucent doors


Innate Abilities, Weirdness & Mutations

You have sharp fingernails.
You are mostly covered in rugged brown scales. (AC +2, +5% HP)
You are partially covered in sharp spines.


Message History

Unknown command.
Unknown command.
Unknown command.
Unknown command.
Unknown command.
Unknown command.
Unknown command.
Unknown command.
You feel much better.
The minotaur hits you with a +0 flail of protection!!
The minotaur gores you.
Aiming: Fastroot
Press: ? - help, Shift-Dir - straight line, f/p - minotaur
Aim: a minotaur, wielding a +0 flail of protection, wearing a +2 chain mail of cold resistance, wearing a +1 kite shield of reflection and quivering javelins (lightly wounded, inner flame, reflecting blocked projectiles)
The roots erupt in riotous growth!
Roots grab the minotaur.
The grasping roots constrict the minotaur.
Flame seeps out of the minotaur.
The minotaur is engulfed in blazing flames.
Flame seeps out of the minotaur.
You block the minotaur's attack. The minotaur gores you.
You feel much better.
The grasping roots constrict the minotaur.
Flame seeps out of the minotaur.
The roots release their grip on the minotaur.
You block the minotaur's attack. x2
You hit the minotaur but do no damage.
The minotaur is moderately wounded.
The minotaur is engulfed in blazing flames.
Flame seeps out of the minotaur.
The minotaur barely misses you. The minotaur gores you!
You block the minotaur's attack.
The minotaur gores you but does no damage.
You hit the minotaur.
Flame seeps out of the minotaur.
The minotaur is heavily wounded.
The minotaur is engulfed in blazing flames.
Flame seeps out of the minotaur.
The minotaur hits you with a +0 flail of protection!!!
* * * LOW HITPOINT WARNING * * *
The minotaur gores you.
You die...

..........8.∩.8......§§......§#
#≈#§#≈#############≈#§#≈#≈#≈###
########.........############
#...©.©.©...## #.............#
#.#.#######.#.# #.#.. #....#.#
##.#.##.#.# ......H@..#
.##'##..#.# #..#.# #... # #.8#
####


You could see a minotaur (inner flame, reflecting).

Vanquished Creatures
  A green death (Gauntlet)
  A hydra (D:10)
  2 two-headed ogres
  Amaemon (D:8)
  A wizard (Gauntlet)
  An orc knight (Bailey)
  Pikel (D:8)
  Joseph (D:8)
  Maggie (D:9)
  An orange demon (D:8)
  A troll (D:10)
  A hornet (D:9)
  A tarantella (shapeshifter) (D:10)
  A centaur simulacrum (D:10)
  A shadow (D:10)
  A yak (D:9)
  2 dancing weapons (D:9)
  A human (shapeshifter) (D:10)
  2 steam dragons
  2 basilisks (D:10)
  An acid dragon (D:10)
  A two-headed ogre zombie (D:10)
  2 ice beasts
  9 orc warriors
  Pargi (Sewer)
  An ogre (D:5)
  3 centaurs
  A lemure (D:8)
  4 phantoms
  2 kobold brigands
  2 gnoll sergeants
  8 bullfrogs
  3 scorpions
  A necrophage (D:7)
  6 killer bees
  5 troll zombies (D:10)
  A howler monkey (D:9)
  A jelly (D:6)
  4 hounds
  6 orc priests
  Jessica (D:3)
  7 iguanas
  6 orc wizards
  2 ogre zombies (D:10)
  26 gnolls
  3 adders
  3 shadow imps
  2 white imps
  An ufetubus (D:6)
  5 worms
  52 orcs
  13 ball pythons
  5 endoplasms
  5 giant cockroaches
  10 goblins
  8 hobgoblins
  6 jackals
  2 quokkas
  12 bats
  5 frilled lizards
  4 goblin zombies (D:10)
  3 hobgoblin skeletons (D:10)
  3 hobgoblin zombies (D:10)
  23 kobolds
  An orc skeleton (D:10)
  14 orc zombies (D:10)
  6 rats
314 creatures vanquished.

Vanquished Creatures (collateral kills)
  9 orcs
  A kobold (D:8)
  A foxfire (D:8)
11 creatures vanquished.

Vanquished Creatures (others)
  4 dancing weapons
  458 foxfires
  7 fungi
  4 plants (D:9)
473 creatures vanquished.

Grand Total: 798 creatures vanquished

Notes
Turn   | Place    | Note
-------+----------+-------------------------------------------
     0 | D:1      | freelancePsychic the Demonspawn Wanderer began the quest
                  | for the Orb.
     0 | D:1      | freelancePsychic set off with the following items: a +0
                  | dagger, a scroll of teleportation {@r4}, a +0 robe, a +0
                  | helmet; and the following spells available to memorise:
                  | Sandblast, Foxfire, Passwall, Inner Flame, Petrify.
     0 | D:1      | Reached XP level 1. HP: 15/15 MP: 2/2
    99 | D:1      | Learned a level 1 spell: Foxfire
   184 | D:1      | Found Seer's Jewellery Shoppe.
   197 | D:1      | Gained mutation: You have sharp fingernails. [demonic
                  | ancestry]
   197 | D:1      | Reached XP level 2. HP: 21/21 MP: 0/3
   461 | D:1      | Reached skill level 1 in Conjurations
   784 | D:1      | Reached XP level 3. HP: 26/26 MP: 5/5
  2145 | D:3      | Reached XP level 4. HP: 32/32 MP: 5/6
  2159 | D:3      | Found a glowing drain.
  2170 | Sewer    | Entered a sewer
  2295 | Sewer    | Noticed Pargi
  2302 | Sewer    | Killed Pargi
  2303 | Sewer    | Reached skill level 1 in Hexes
  2303 | Sewer    | Reached XP level 5. HP: 13/37 MP: 8/8
  2600 | D:3      | Noticed Jessica
  2609 | D:3      | Killed Jessica
  3528 | D:4      | Found an ornate altar of the Wu Jian Council.
  3546 | D:4      | Gained mutation: You are partially covered in sharp spines.
                  | [demonic ancestry]
  3546 | D:4      | Reached XP level 6. HP: 19/43 MP: 9/9
  3690 | D:4      | Reached skill level 1 in Ice Magic
  3690 | D:4      | Reached skill level 1 in Air Magic
  4168 | D:4      | Identified the +5 quarterstaff of Propriety {freeze, rF+
                  | Dex+3}
  4402 | D:4      | Learned a level 3 spell: Inner Flame
  4420 | D:5      | Entered Level 5 of the Dungeon
  4603 | D:5      | Reached XP level 7. HP: 49/49 MP: 2/10
  4730 | D:5      | Reached skill level 2 in Fighting
  4783 | D:5      | Found a staircase to the Ecumenical Temple.
  4811 | Temple   | Entered the Ecumenical Temple
  5026 | Temple   | Became a worshipper of Vehumet
  5345 | D:5      | Noticed a moth of wrath
  5799 | D:5      | Reached skill level 3 in Fighting
  5799 | D:5      | Reached XP level 8. HP: 58/58 MP: 12/12
  6287 | D:6      | Reached * piety under Vehumet
  6287 | D:6      | Offered knowledge of Shock by Vehumet.
  6292 | D:6      | Reached skill level 5 in Fire Magic
  6527 | D:6      | Found a shimmering blue altar of Sif Muna.
  7532 | D:7      | Reached skill level 4 in Fighting
  7532 | D:7      | Reached skill level 5 in Hexes
  7682 | D:7      | Learned a level 3 spell: Tukima's Dance
  7759 | D:7      | Found a large runed translucent door.
  7760 | D:7      | Found a large runed translucent door.
  8372 | D:7      | Noticed ryw's ghost (novice HORe)
  8426 | D:8      | Identified a scroll of acquirement
  8426 | D:8      | Acquired a +2 kite shield of positive energy
  8483 | D:8      | Noticed Pikel
  8497 | D:8      | Killed Pikel
  8498 | D:8      | Reached XP level 9. HP: 67/67 MP: 10/15
  8571 | D:8      | Offered knowledge of Magic Dart by Vehumet.
  8590 | D:8      | Reached skill level 5 in Fighting
  8628 | D:8      | Reached ** piety under Vehumet
  8789 | D:8      | Noticed Joseph
  8802 | D:8      | Killed Joseph
  8803 | D:8      | Reached skill level 5 in Spellcasting
  8990 | D:8      | Found a hide-covered altar of Uskayaw.
  9012 | D:8      | Found a broken altar of Ashenzari.
  9015 | D:8      | Found a basalt altar of Yredelemnul.
  9215 | D:8      | Noticed Amaemon
  9222 | D:8      | Noticed an orange demon
  9233 | D:8      | Killed Amaemon
  9234 | D:8      | Reached skill level 6 in Fighting
  9366 | D:8      | Killed an orange demon
  9818 | D:9      | Gained mutation: You are partially covered in rugged brown
                  | scales. (AC +1, +3% HP) [demonic ancestry]
  9818 | D:9      | Reached XP level 10. HP: 46/79 MP: 18/19
  9862 | D:9      | Found a sacrificial altar of Ru.
  9903 | D:9      | Noticed a two-headed ogre
  9927 | D:9      | Killed a two-headed ogre
  9928 | D:9      | Reached skill level 7 in Fighting
 10178 | D:9      | Found a staircase to the Lair.
 10214 | D:9      | Found a flagged portal.
 10234 | D:9      | Found Dothipue's Armour Shoppe.
 10255 | Bailey   | Entered a bailey
 10264 | Bailey   | Offered knowledge of Momentum Strike by Vehumet.
 10421 | Bailey   | Reached *** piety under Vehumet
 10489 | Bailey   | Noticed an orc knight
 10501 | Bailey   | Reached skill level 1 in Shields
 10512 | Bailey   | Killed an orc knight
 10513 | Bailey   | Reached skill level 8 in Fighting
 10829 | D:9      | Found a shadowy altar of Dithmenos.
 10873 | D:9      | Paralysed by a hornet for 2 turns
 10922 | D:9      | Noticed Maggie
 10926 | D:9      | Offered knowledge of Flame Wave by Vehumet.
 10930 | D:9      | Killed Maggie
 11131 | D:9      | Learned a level 4 spell: Flame Wave
 11374 | D:9      | Learned a level 5 spell: Freezing Cloud
 11457 | D:10     | Entered Level 10 of the Dungeon
 11716 | D:10     | Reached **** piety under Vehumet
 11720 | D:10     | Offered knowledge of Irradiate by Vehumet.
 11728 | D:10     | Gained mutation: You are mostly covered in rugged brown
                  | scales. (AC +2, +5% HP) [demonic ancestry]
 11728 | D:10     | Reached XP level 11. HP: 73/91 MP: 21/21
 11780 | D:10     | Found a staircase to the Orcish Mines.
 11988 | D:10     | Found a runed translucent door.
 11988 | D:10     | Noticed a two-headed ogre
 11997 | D:10     | Killed a two-headed ogre
 12095 | D:10     | Reached skill level 5 in Conjurations
 12210 | D:10     | Noticed a five-headed hydra
 12215 | D:10     | Identified the +0 kite shield of Haysel {rN+ Regen+ Int+4}
 12215 | D:10     | Killed a five-headed hydra
 12221 | D:10     | Reached skill level 9 in Fighting
 12232 | D:10     | Identified the +7 chain mail "Pyickas" {rElec rC- Will++
                  | Dex+8}
 12436 | D:10     | Identified the +3 war axe "Newtslayer" {vamp, rElec rCorr
                  | Str+10 Int-3}
 12436 | D:10     | Noticed a death knight
 12485 | Lair:1   | Entered Level 1 of the Lair of Beasts
 12511 | Lair:1   | Found a gate leading to a gauntlet.
 12535 | Gauntlet | Entered a Gauntlet
 12535 | Gauntlet | Found a transporter.
 12535 | Gauntlet | Found a transporter.
 12536 | Gauntlet | Noticed a wizard
 12547 | Gauntlet | Found a transporter.
 12564 | Gauntlet | Found a transporter.
 12565 | Gauntlet | Found a transporter.
 12565 | Gauntlet | Found a transporter.
 12567 | Gauntlet | Found a transporter.
 12567 | Gauntlet | Found a transporter.
 12569 | Gauntlet | Noticed a green death
 12570 | Gauntlet | Noticed a wizard
 12572 | Gauntlet | Noticed a wizard
 12580 | Gauntlet | Found a transporter.
 12595 | Gauntlet | Found a transporter.
 12603 | Gauntlet | Found the brooch of Shielding {Spirit SH+8}
 12604 | Gauntlet | Found a runed translucent door.
 12605 | Gauntlet | Found a transporter.
 12605 | Gauntlet | Noticed a death yak
 12606 | Gauntlet | Found a runed translucent door.
 12606 | Gauntlet | Noticed a death yak
 12607 | Gauntlet | Noticed a death yak
 12608 | Gauntlet | Noticed a death yak
 12619 | Gauntlet | Found a transporter.
 12634 | Gauntlet | Noticed a wizard
 12639 | Gauntlet | Found a transporter.
 12640 | Gauntlet | Found a runed translucent door.
 12655 | Gauntlet | Found a transporter.
 12696 | Gauntlet | Killed a wizard
 12714 | Gauntlet | Identified the amulet "Qeoppoub" {RegenMP Will- Dex+5
                  | Slay+3}
 12772 | Gauntlet | Identified the +2 hat "Edghang" {rCorr}
 12784 | Gauntlet | Killed a green death
 12842 | Gauntlet | Noticed a minotaur
 12852 | Gauntlet | HP: 4/93 [minotaur/+0 flail of protection (38)]
 12852 | Gauntlet | Slain by a minotaur

Illustrated notes

Levels and vault maps discovered:
D:1:      beargit_arrival_greenhouse, layout_basic, serial_shops, shop
D:2:      layout_loops_ring
D:3:      layout_loops_corners, cheibrodos_sewer_entry_sluice,
          minmay_fractal_squares_gapless_5, uniq_jessica
D:4:      layout_loops_ring, mainiacjoe_overflow_brackets
D:5:      layout_loops_ring, tgw_trog, temple_green
D:6:      layout_loops_ring, nicolae_overflow_crystal_walls,
          lemuel_coloured_pillars_altar, dreamdust_gnoll_farm
D:7:      layout_basic, ebering_ghost_disaster_area, minmay_door_square,
          chequers_serial_rivers_micro_e
D:8:      layout_rooms, mainiacjoe_overflow_paths,
          gammafunk_temple_overflow_statue, kennysheep_generic_room_2,
          uniq_pikel, uniq_joseph, uniq_amaemon
D:9:      layout_irregular_city, mainiacjoe_overflow_tiny_flanked,
          nicolae_dithmenos_the_darkroom, grunt_lair_entry_orc_guard_hut,
          enter_bailey_6, serial_shops,
          nicolae_shop_competitors_out_of_business, uniq_maggie
D:10:     minmay_the_grid_triangle_9x9_rhombus_thin_mashed
          [minmay_the_grid_triangle_9x9_sprig,
          minmay_the_grid_triangle_9x9_prize_center,
          minmay_the_grid_triangle_9x9_semitri,
          minmay_the_grid_triangle_9x9_subtriangle], layout_stronghold,
          mainiacjoe_overflow_catwalk_spiral, zombieorc2_lemuel
Temple:   bh_familiar_temple
Lair:1:   layout_misc_corridors, gauntlet_entry_generic, roderic_batcave,
          grunt_megastairs_2
Gauntlet: gammafunk_gauntlet_mixed_choke_point [minmay_gauntlet_arena_77_braids,
          minmay_gauntlet_arena_77_path, minmay_gauntlet_arena_77_squiggly,
          nicolae_gauntlet_arena_t_cross, minmay_gauntlet_arena_77_checkered,
          minmay_gauntlet_arena_77_mess, minmay_gauntlet_arena_77_cramped,
          nicolae_gauntlet_exit_dead_adventurers]

Skill      XL: |  1  2  3  4  5  6  7  8  9 10 11 |
---------------+----------------------------------+-----
Earth Magic    | 2 |  2.0
Fire Magic     | 2 3 4 6 7 8 |  8.2
Conjurations   | 1 2 3 4 5 |  5.6
Spellcasting   | 2 3 4 6 7 |  7.0
Hexes          | 1 2 4 5 |  5.1
Ice Magic      | 1 2 3 |  3.8
Air Magic      | 1 2 3 |  3.9
Fighting       | 3 4 6 8 9 |  9.1
Shields        | 3 4 |  4.4
Throwing       | |  1.0
Stealth        | |  2.6

Action                   |  1- 3 |  4- 6 |  7- 9 | 10-12 || total
-------------------------+-------+-------+-------+-------++-------
Melee: Dagger            |    85 |    83 |       |     4 ||   172
       Unarmed           |    11 |       |       |       ||    11
       Punch             |       |     1 |       |       ||     1
       Quarterstaff      |       |     5 |    17 |    34 ||    56
       Staff             |       |       |       |    25 ||    25
 Cast: Foxfire           |    54 |    59 |   115 |    49 ||   277
       Inner Flame       |       |     7 |    78 |    44 ||   129
       Tukima's Dance    |       |       |     5 |    23 ||    28
       Flame Wave        |       |       |       |     1 ||     1
       Freezing Cloud    |       |       |       |     9 ||     9
Evoke: Wand              |       |       |       |     8 ||     8
  Use: Scroll            |     5 |     2 |    11 |     5 ||    23
       Potion            |       |       |     1 |     7 ||     8
 Stab: Sleeping          |     2 |     9 |       |       ||    11
       Distracted        |       |     1 |       |       ||     1
Armor: Robe              |    31 |    31 |    23 |    18 ||   103
       Steam dragon scal |       |       |       |    28 ||    28
Dodge: Dodged            |    77 |    71 |    41 |    76 ||   265
Block: Kite shield       |       |       |       |    24 ||    24

Table legend: (Time is in decaauts)
 A = Elapsed time spent in this place.
 B = Non-inter-level travel time spent in this place.
 C = Inter-level travel time spent in this place.
 D = Time resting spent in this place.
 E = Time spent auto-exploring this place.
 F = Levels seen in this place.
 G = Mean time per level.
                   A        B        C        D        E       F      G
               +--------+--------+--------+--------+--------+-----+--------+
         Total |  12908 |  12595 |    313 |    396 |   9762 |  15 |  860.5 |
       Dungeon |  11466 |  11174 |    292 |    356 |   8856 |  10 | 1146.6 |
        Temple |    237 |    216 |     21 |      0 |    205 |   1 |  237.0 |
          Lair |     51 |     51 |      0 |      0 |      0 |   1 |   51.0 |
         Sewer |    322 |    322 |      0 |      0 |    255 |   1 |  322.0 |
        Bailey |    498 |    498 |      0 |      0 |    307 |   1 |  498.0 |
      Gauntlet |    331 |    331 |      0 |     40 |    138 |   1 |  331.0 |
               +--------+--------+--------+--------+--------+-----+--------+

Top non-repeatable levels by time:
     D:5: 1399 daAuts
     D:8: 1398 daAuts
     D:9: 1259 daAuts
     D:6: 1215 daAuts
     D:1: 1171 daAuts
     D:7: 1147 daAuts
     D:3: 1041 daAuts
     D:4: 1022 daAuts
    D:10: 946 daAuts
     D:2: 863 daAuts
  Bailey: 498 daAuts
Gauntlet: 331 daAuts
   Sewer: 322 daAuts
  Temple: 237 daAuts
  Lair:1: 51 daAuts
